 Dungeon Crawl Stone Soup version 0.29.1-4-g47bece8355 (webtiles) character file.

Game seed: 15199902300550758804

2 ChadusMaximus the Caller (level 1, 0/13 HPs)
             Began as a Human Summoner on Dec 8, 2022.
             Constricted to death by a ball python (1 damage)
             ... on level 1 of the Dungeon.
             The game lasted 00:00:13 (98 turns).

ChadusMaximus the Caller (Human Summoner)             Turns: 98, Time: 00:00:14

Health: 0/13       AC:  2    Str:  8    XL:     1   Next: 33%
Magic:  0/3        EV:  9    Int: 15    God:
Gold:   18         SH:  0    Dex: 13    Spells: 3/4 levels left

rFire   . . .      SeeInvis .   (no weapon)
rCold   . . .      Faith    .   (no shield)
rNeg    . . .      Spirit   .   a - +0 robe
rPois   .          Reflect  .   (no helmet)
rElec   .          Harm     .   (no cloak)
rCorr   .          Rampage  .   (no gloves)
Will    .....                   (no boots)
Stlth   ++........              (no amulet)
HPRegen 0.04/turn               (no ring)
MPRegen 0.08/turn               (no ring)

@: constricted
A: no striking features
a: no special abilities


You were on level 1 of the Dungeon.
You visited 1 branch of the dungeon, and saw 1 of its levels.

You collected 18 gold pieces.

Inventory:

Armour
 a - a +0 robe (worn)
Scrolls
 c - a scroll of vulnerability {unknown}
Potions
 b - a potion of magic


   Skills:
 + Level 2.0 Dodging
 + Level 2.0 Stealth
 + Level 2.0 Spellcasting
 + Level 4.0 Summonings


You had 3 spell levels left.
You knew the following spells:

 Your Spells              Type           Power      Damage    Failure   Level
a - Summon Small Mammal   Summ           52%        N/A       4%          1

Your spell library contained the following spells:

 Spells                   Type           Power      Damage    Failure   Level
 Call Imp                 Summ           13%        N/A       6%          2
 Call Canine Familiar     Summ           13%        N/A       13%         3
 Summon Guardian Golem    Hex/Summ       7%         N/A       28%         3
 Summon Lightning Spire   Summ/Air       7%         N/A       67%         4


Dungeon Overview and Level Annotations

Branches:
Dungeon (1/15)

Altars:


Message History

Casting: Summon Small Mammal (safe; 4% risk of failure)
Confirm with . or Enter, or press ? or * to list all spells.
The giant cockroach waves its antennae.
The frilled lizard barely misses you.
You hit the frilled lizard.
You kill the frilled lizard!
Your rat bites the giant cockroach.
You hit the giant cockroach but do no damage.
The giant cockroach is heavily wounded.
The giant cockroach bites you but does no damage.
Your rat misses the giant cockroach.
You hit the giant cockroach but do no damage.
The giant cockroach is heavily wounded.
The giant cockroach bites you but does no damage.
Your rat bites the giant cockroach.
The giant cockroach misses you.
You hit the giant cockroach but do no damage.
The giant cockroach is severely wounded.
The giant cockroach bites you.
Your rat bites the giant cockroach.
The giant cockroach dies!
The ball python closely misses you. The ball python grabs you.
The ball python constricts you. The ball python bites you.
* * * LOW HITPOINT WARNING * * *
The ball python constricts you.
* * * LOW HITPOINT WARNING * * *
Things that are here:
a giant cockroach corpse; a frilled lizard corpse You escape the ball python's grasp.
You swap places.
Your rat bites the ball python.
The ball python closely misses your rat. x2
The ball python bites your rat.
Your rat dies!
Your rat's corpse disappears in a puff of smoke!
Casting: Summon Small Mammal (safe; 4% risk of failure)
Confirm with . or Enter, or press ? or * to list all spells.
Your rat bites the ball python.
You swap places.
The ball python barely misses you. The ball python grabs you.
The ball python constricts you.
Your rat barely misses the ball python.
The ball python's grasp on you weakens, but your attempt to escape fails.
The ball python completely misses you. The ball python constricts you.
You die...

#.# #..#
#.# #..#
#.#########
#..#
#.........#
#..#######
#########.#
#.........
#.# #.#
###'####†#
#.......S#
#......@r#
#.......##
#########


You could see a ball python (ally target) and a friendly rat (summoned).

Vanquished Creatures
  A frilled lizard (D:1)
1 creature vanquished.

Vanquished Creatures (collateral kills)
  A giant cockroach (D:1)
1 creature vanquished.

Grand Total: 2 creatures vanquished

Notes
Turn   | Place    | Note
-------+----------+-------------------------------------------
     0 | D:1      | ChadusMaximus the Human Summoner began the quest for the
                  | Orb.
     0 | D:1      | Reached XP level 1. HP: 13/13 MP: 3/3
    98 | D:1      | Constricted to death by a ball python

Illustrated notes

Levels and vault maps discovered:
D:1:      mrwooster_arrival_statue_3, layout_basic

Action                   || total
-------------------------++-------
Melee: Unarmed           ||     9
 Cast: Summon Small Mamm ||     6
Armor: Robe              ||     5
Dodge: Dodged            ||    10
